 Dungeon Crawl Stone Soup version 0.19.4-8-ga85b6b9 (webtiles) character file.

224 JNO the Gusty (level 5, 0/46 HPs)
             Began as a High Elf Air Elementalist on Feb 9, 2017.
             Slain by an ice beast (7 damage)
             ... on level 4 of the Dungeon.
             The game lasted 00:29:57 (5472 turns).

JNO the Gusty (High Elf Air Elementalist)           Turns: 5472, Time: 00:29:57

Health: 0/46       AC: 22    Str:  7    XL:     5   Next: 67%
Magic:  8/11       EV:  2    Int: 19    God:
Gold:   120        SH:  0    Dex: 16    Spells: 4 memorised, 3 levels left

rFire  . . .     SeeInvis .     s - -3 dagger (curse)
rCold  . . .     Gourm    .     (armour currently unavailable)
rNeg   + + +     Faith    .     (no shield)
rPois  +         Spirit   .     (helmet currently unavailable)
rElec  .         Reflect  .     (cloak currently unavailable)
rCorr  .         Harm     .     (gloves currently unavailable)
MR     .....     NoTele   +     (boots currently unavailable)
Stlth  +++.......               (no amulet)
                                (no ring)
                                (no ring)

@: swift, tree-form, repel missiles, quick
A: no striking features
a: no special abilities


You were on level 4 of the Dungeon.
You were hungry.
You were a tree.
You visited 1 branch of the dungeon, and saw 4 of its levels.

You collected 120 gold pieces.

Inventory:

Hand Weapons
 c - a +2 dagger of venom
 p - a +0 dagger of speed
 s - a cursed -3 dagger (weapon)
Missiles
 j - 4 needles of sleeping
Armour
 a - a +0 robe (melded)
Scrolls
 e - 2 scrolls of teleportation
 k - 3 scrolls of noise
 l - a scroll of magic mapping {unknown}
 n - 2 scrolls of identify
Potions
 d - 2 potions of haste {unknown}
 f - a potion of cancellation {unknown}
 h - 3 potions of lignification
 i - a potion of berserk rage {unknown}
 t - a potion of flight {unknown}
Books
 b - a book of Air

   Spells                             Type                      Level
   a - Shock                          Conjuration/Air              1
   b - Swiftness                      Charms/Air                   2
   c - Repel Missiles                 Charms/Air                   2
   d - Static Discharge               Conjuration/Air              3
   e - Lightning Bolt                 Conjuration/Air              5
 o - a book of Maledictions

   Spells                             Type                      Level
   a - Corona                         Hexes                        1
   b - Ensorcelled Hibernation        Hexes/Ice                    2
   c - Confuse                        Hexes                        3
   d - Tukima's Dance                 Hexes                        3
   e - Dazzling Spray                 Conjuration/Hexes            3
Comestibles
 g - 3 meat rations
 m - 2 beef jerkies
 q - a fruit


   Skills:
 + Level 3.1 Dodging
 * Level 3.7 Stealth
 + Level 3.5 Spellcasting
 + Level 2.0 Conjurations
 + Level 2.0 Charms
 + Level 5.0 Air Magic


You had 3 spell levels left.
You knew the following spells:

 Your Spells              Type           Power        Failure   Level  Hunger
a - Shock                 Conj/Air       ###.         4%          1    None
b - Swiftness             Chrm/Air       ###.....     8%          2    ##.....
c - Repel Missiles        Chrm/Air       ###...       8%          2    ##.....
d - Static Discharge      Conj/Air       ###.....     12%         3    ###....


Dungeon Overview and Level Annotations

Branches:
Dungeon (4/15)
 Temple: D:4-7

Altars:
Ashenzari

Shops:
D:4 (

Annotations:
D:3 exclusion: ice beast
D:4 exclusions: ice beast and 1 more exclusion


Message History

You hear the sound of rushing water.
There is an entrance to a sewer on this level.
Hurry and find it before the portal rusts away!
Level annotation: exclusions: ice beast and 1 more exclusion
There is a stone staircase leading up here.
Casting: Swiftness
Confirm with . or Enter, or press ? or * to list all spells.
You feel quick. The ice beast hits you. The ice beast freezes you!
* * * LOW HITPOINT WARNING * * *
Casting: Swiftness
Confirm with . or Enter, or press ? or * to list all spells.
Aiming: Shock
Press: ? - help, Shift-Dir - straight line, f - ice beast
Aim: an ice beast The zap misses the ice beast.
It was a potion of lignification.
You turn into a tree.
Your +0 robe melds into your body.
Your roots penetrate the ground.
The ice beast hits you.
* * * LOW HITPOINT WARNING * * *
The ice beast freezes you!
You die...

.## #.# #.## #.#
#.# ##.# #.# #.#
#.# #.## #.# #.#
p∩. .## #.# #.# #.#
#### #.# #.# #.#
...# #.# #.# ..#
...#######.######Y#
#.#
................♣.#
#.#
...################
#.# ...# #.# ####
#.# # #p# #########
#.# ........#
######.# #######!#
#......# #.#
#.######


You could see an ice beast.

Vanquished Creatures
  An orc wizard (D:3)
  3 gnolls (D:4)
  4 adders (D:2)
  An ooze (D:4)
  3 worms
  2 dart slugs
  4 leopard geckos
  11 orcs (D:3)
  8 bats
  6 giant cockroaches
  8 goblins
  15 hobgoblins
  7 jackals
  3 quokkas
  3 frilled lizards
  8 kobolds
  8 rats
95 creatures vanquished.

Vanquished Creatures (others)
  A bat (D:3)
1 creature vanquished.

Grand Total: 96 creatures vanquished

Notes
Turn   | Place    | Note
-------+----------+-------------------------------------------
     0 | D:1      | JNO the High Elf Air Elementalist began the quest for the Orb.
     0 | D:1      | Reached XP level 1. HP: 11/11 MP: 4/4
   243 | D:1      | Reached skill level 4 in Air Magic
   264 | D:1      | Reached XP level 2. HP: 17/17 MP: 4/6
   359 | D:1      | Learned a level 2 spell: Swiftness
  1185 | D:1      | Reached XP level 3. HP: 21/21 MP: 2/8
  1960 | D:2      | Reached skill level 1 in Charms
  2084 | D:2      | Reached XP level 4. HP: 27/27 MP: 6/9
  2876 | D:3      | Learned a level 2 spell: Repel Missiles
  2880 | D:3      | Learned a level 3 spell: Static Discharge
  2991 | D:3      | Noticed an ice beast
  3216 | D:3      | Found a shattered altar of Ashenzari.
  3762 | D:3      | Reached XP level 5. HP: 13/31 MP: 7/11
  4725 | D:3      | Reached skill level 5 in Air Magic
  5061 | D:4      | Noticed a slave
  5064 | D:4      | Found Bekkoth's Weapon Shop.
  5064 | D:4      | Noticed a slave
  5472 | D:4      | Slain by an ice beast

Skill      XL: |  1  2  3  4  5 |
---------------+----------------+-----
Air Magic      | 4 5 |  5.0
Spellcasting   | 3 |  3.5
Charms         | 1 2 |  2.0
Stealth        | 3 |  3.7
Dodging        | 3 |  3.1
Conjurations   | 2 |  2.0

Action                   |  1- 3 |  4- 6 || total
-------------------------+-------+-------++-------
Melee: Dagger            |       |    16 ||    16
 Cast: Shock             |    87 |   149 ||   236
       Swiftness         |     2 |     5 ||     7
       Static Discharge  |       |     3 ||     3
       Repel Missiles    |       |     1 ||     1
  Use: Scroll            |       |     6 ||     6
       Potion            |       |     1 ||     1
  Eat: Bread ration      |     1 |     1 ||     2
       Chunk             |       |     3 ||     3
       Fruit             |       |     2 ||     2
Armor: Robe              |     4 |     4 ||     8
Dodge: Dodged            |     9 |    18 ||    27
       Deflected         |       |     2 ||     2
